 Dungeon Crawl Stone Soup version 0.23.2-1-ga50397a6bc (webtiles) character file.

Game seed: 396300224860816175

397 PentaManta the Slasher (level 6, -2/42 HPs)
             Began as a Merfolk Monk on May 30, 2019.
             Slain by an orc
             ... wielding a +0 short sword
              (3 damage)
             ... on level 3 of the Dungeon.
             The game lasted 00:11:09 (3579 turns).

PentaManta the Slasher (Merfolk Monk)               Turns: 3579, Time: 00:11:09

Health: -2/42      AC:  6    Str: 12    XL:     6   Next: 83%
Magic:  6/6        EV: 16    Int:  9    God:
Gold:   124        SH:  0    Dex: 20    Spells: 5/5 levels left

rFire    + + .     SeeInvis .   a - +0 falchion
rCold    + . .     Gourm    .   (no shield)
rNeg     . . .     Faith    .   d - +0 leather armour
rPois    .         Spirit   .   e - +0 helmet
rElec    .         Reflect  .   s - scarf {rC+ rF+}
rCorr    .         Harm     .   (no gloves)
MR       .....     Clarity  +   (no boots)
Stlth    +++.......             (no amulet)
HPRegen  0.14/turn              n - ring of protection from fire
MPRegen  0.10/turn              (no ring)

@: no status effects
A: change form in water, swift swim, stealthy swim, slimy green scales 1, thin
skeletal structure 1, clarity, frail 1
a: no special abilities


You were on level 3 of the Dungeon.
You were hungry.

You visited 1 branch of the dungeon, and saw 4 of its levels.

You collected 124 gold pieces.

Inventory:

Hand Weapons
 a - a +0 falchion (weapon)
 k - a +0 hunting sling
 o - a +2 dagger of holy wrath
Missiles
 f - 70 stones
 p - 2 tomahawks (quivered)
Armour
 d - a +0 leather armour (worn)
 e - a +0 helmet (worn)
 s - a scarf of resistance (worn)
Jewellery
 n - a ring of protection from fire (left hand)
Wands
 i - a wand of random effects (4)
 q - a wand of acid (4)
Scrolls
 g - 3 scrolls of remove curse
 h - 4 scrolls of identify
 l - a scroll of teleportation
 m - a scroll of amnesia
Potions
 b - a potion of agility
 j - a potion of haste
 r - a potion of invisibility
Comestibles
 c - 10 rations


   Skills:
 - Level 3.2 Fighting
 * Level 7.0 Long Blades
 + Level 6.4 Dodging
 - Level 2.1 Stealth


You had 5 spell levels left.
You didn't know any spells.
Your spell library was empty.

Dungeon Overview and Level Annotations

Branches:
Dungeon (4/15)
 Temple: D:4-7

Altars:


Innate Abilities, Weirdness & Mutations

You revert to your normal form in water You are very nimble and swift while swimming.
You are very stealthy in the water. (Stealth+)
You are partially covered in slimy green scales. (AC +2)
You have a somewhat thin skeletal structure. (Dex +2, Stealth)
You possess an exceptional clarity of mind.
You are frail. (-10% HP)


Message History

The orc priest calls down the wrath of Beogh upon you.
Pain shoots through your body!
The orc throws a tomahawk.
The tomahawk closely misses you.
You hear a splash.
The orc priest barely misses you.
You barely miss the orc priest.
The orc priest hits you but does no damage.
The orc hits you but does no damage.
You are electrocuted!
You hit the orc priest but do no damage.
The orc hits you with a +0 short sword. The orc hits you but does no damage.
The orc priest hits you with a +0 hand axe.
Press: ? - help, v - describe, . - travel
Here: an orc, wielding a +1 dagger of electrocution and wearing a +0 leather armour The floor.
Unknown command.
You hit the orc priest but do no damage.
The orc hits you but does no damage.
You are electrocuted!
* * * LOW HITPOINT WARNING * * *
The orc hits you with a +0 short sword.
You die...

..............≈...(.
###'#.......≈≈≈......#
........÷..≈≈≈≈≈.....#
..........≈≈≈≈§≈.....#
........)≈≈≈≈≈§≈≈...#
.......≈≈≈≈≈≈≈≈≈≈...#
......≈≈≈≈≈≈≈§≈≈≈≈≈.#
###'#...≈≈≈(≈≈≈≈≈...#
# #.#.....≈≈≈≈≈÷@o..#
# #.#.....).....oo..#
# #.#...............#
# #.#...............#
# #..........(......#
# #.................#
###.#################
....# ....#


You could see an orc priest and 2 orcs.

Vanquished Creatures
  Grinder (D:3)
  Terence (D:2)
  Robin (D:2)
  8 adders
  An ooze (D:1)
  3 worms (D:2)
  A leopard gecko (D:1)
  An orc (D:3)
  8 giant cockroaches
  18 goblins
  9 hobgoblins
  A jackal (D:2)
  9 kobolds
  2 quokkas (D:2)
  5 bats
  3 frilled lizards
  7 rats
79 creatures vanquished.

Vanquished Creatures (others)
  2 orcs (D:3)
  A bat (D:3)
  A frilled lizard (D:3)
  A rat (D:3)
5 creatures vanquished.

Grand Total: 84 creatures vanquished

Notes
Turn   | Place    | Note
-------+----------+-------------------------------------------
     0 | D:1      | PentaManta the Merfolk Monk began the quest for the Orb.
     0 | D:1      | Reached XP level 1. HP: 18/18 MP: 1/1
   194 | D:1      | Reached XP level 2. HP: 15/24 MP: 2/2
   518 | D:1      | Reached skill level 4 in Long Blades
   951 | D:2      | Reached XP level 3. HP: 29/29 MP: 3/3
  1507 | D:2      | Reached XP level 4. HP: 31/35 MP: 4/4
  1530 | D:2      | Noticed Robin
  1559 | D:3      | Noticed Grinder
  1559 | D:3      | Reached skill level 5 in Dodging
  1587 | D:2      | Gained mutation: You are frail. (-10% HP) [potion of
                  | mutation]
  1587 | D:2      | Gained mutation: You possess an exceptional clarity of
                  | mind. [potion of mutation]
  1587 | D:2      | Gained mutation: You have a somewhat thin skeletal
                  | structure. (Dex +2, Stealth) [potion of mutation]
  1587 | D:2      | Gained mutation: You are partially covered in slimy green
                  | scales. (AC +2) [potion of mutation]
  1601 | D:2      | Reached skill level 5 in Long Blades
  1663 | D:2      | Killed Robin
  1937 | D:2      | Reached XP level 5. HP: 36/36 MP: 5/5
  2054 | D:2      | Noticed Terence
  2076 | D:2      | Killed Terence
  3074 | D:3      | Paralysed by Grinder for 2 turns
  3352 | D:3      | Killed Grinder
  3352 | D:3      | Reached skill level 6 in Long Blades
  3352 | D:3      | Reached XP level 6. HP: 26/42 MP: 6/6
  3552 | D:3      | Reached skill level 7 in Long Blades
  3579 | D:3      | HP: 1/42 [orc/+1 dagger of electrocution (16)]
  3579 | D:3      | Slain by an orc

Skill      XL: |  1  2  3  4  5  6 |
---------------+-------------------+-----
Long Blades    | 4 5 6 7 |  7.0
Dodging        | 5 6 |  6.4
Fighting       | |  3.2
Stealth        | |  2.1

Action                   |  1- 3 |  4- 6 || total
-------------------------+-------+-------++-------
Melee: Falchion          |    90 |   184 ||   274
Throw: Stone             |       |     1 ||     1
Evoke: Wand              |       |     3 ||     3
  Use: Potion            |       |     8 ||     8
       Scroll            |       |    10 ||    10
 Stab: Sleeping          |     6 |     6 ||    12
  Eat: Chunk             |     2 |     3 ||     5
       Ration            |       |     1 ||     1
Armor: Leather armour    |    23 |    59 ||    82
Dodge: Dodged            |    54 |   190 ||   244
       Rpst.: Falchion   |    15 |    63 ||    78
